 Dungeon Crawl Stone Soup version 0.24-a0-201-gf205589 (webtiles) character file.

Game seed: 16468031066237000386

14534 Ijustatesigmund the Cleaver (level 12, -6/121 (123) HPs)
             Began as an Octopode Fighter on Mar 22, 2019.
             Was a Priest of Ashenzari.
             Mangled by a minotaur
             ... wielding a +0 bardiche
              (21 damage)
             ... in a Gauntlet.
             The game lasted 00:32:26 (15020 turns).

Ijustatesigmund the Cleaver (Octopode Fighter)     Turns: 15020, Time: 00:32:27

HP:   -6/121 (123)  AC:  4    Str: 18 (20) XL:     12   Next: 17%
MP:   33/33         EV: 23    Int:  8 (11) God:    Ashenzari [***...]
Gold: 775           SH: 15    Dex: 18 (19) Spells: 10/11 levels left

rFire    . . .     SeeInvis +   a - +4 war axe (curse)
rCold    + + .     Gourm    .   b - +2 shield (curse)
rNeg     . . .     Faith    .   f - +1 hat
rPois    .         Spirit   .   H - amulet of rage
rElec    .         Reflect  .   s - ring of protection from magic
rCorr    .         Harm     .   t - ring of flight
MR       ++...     NoTele   +   w - ring of magical power
Stlth    ..........             F - ring of wizardry
HPRegen  0.30/turn              z - ring "Fiotre" {rC++ MR+ MP+9 Dex-2}
MPRegen  0.23/turn              (no ring)
                                (no ring)
                                (no ring)

@: agile, berserking (expiring), studying Slings, very quick
A: almost no armour, stealthy swim, amphibious, 8 rings, constrict 8, tentacle
spike 1, iridescent scales 1, camouflage 1, low mp 1, gelatinous body 1
a: Curse Item, Scrying, Renounce Religion, Evoke Berserk Rage, Evoke Flight


You were in a Gauntlet.
You worshipped Ashenzari.
Ashenzari was most pleased with you.
You were not hungry.

You visited 2 branches of the dungeon, and saw 13 of its levels.
You also visited: Gauntlet.

You collected 775 gold pieces.

Inventory:

Hand Weapons
 a - a cursed +4 war axe (weapon)
Armour
 b - a cursed +2 shield (worn)
 f - a +1 hat (worn)
Jewellery
 o - an uncursed ring of ice
 q - the ring "Vofy" {Ice rElec rPois SInv}
   (You found it in a Gauntlet)

   [ring of ice]

   It enhances your ice magic.
   It makes you vulnerable to fire.
   It protects you from cold.
   It insulates you from electricity.
   It protects you from poison.
   It lets you see invisible.
 s - a ring of protection from magic (left tentacle)
 t - a ring of flight (right tentacle)
 w - a ring of magical power (on tentacle)
 z - the ring "Fiotre" (on tentacle) {rC++ MR+ MP+9 Dex-2}
   (You found it in a Gauntlet)

   [ring of magical power]

   It affects your dexterity (-2).
   It greatly protects you from cold.
   It affects your resistance to hostile enchantments.
   It affects your magic capacity (+9).
 B - an uncursed amulet of guardian spirit
 F - a ring of wizardry (on tentacle)
 H - an amulet of rage (around mantle)
Wands
 c - a wand of iceblast (10)
 i - a wand of flame (31)
 l - a wand of random effects (29)
 A - a wand of disintegration (11)
 C - a wand of digging (5)
 D - a wand of enslavement (9)
Scrolls
 j - a scroll of teleportation
 k - a scroll of fog
 p - a scroll of immolation
 v - a scroll of amnesia
 E - a scroll of fear
 G - a scroll of blinking
Potions
 e - a potion of cancellation
 g - 5 potions of curing
 h - 3 potions of agility
 m - 6 potions of brilliance
 n - 2 potions of flight
 r - a potion of invisibility {unknown}
 u - a potion of magic
 x - a potion of mutation
 I - a potion of heal wounds
Books
 y - a manual of Slings
Comestibles
 d - 25 rations


   Skills:
 + Level 7.9 Fighting
 - Level 10.0(12.7) Axes
 + Level 7.9 Dodging
 - Level 6.9 Stealth
 - Level 9.9(11.6) Shields
 - Level 5.0 Translocations
 - Level 6.8 Evocations


You had 10 spell levels left.
You knew the following spells:

 Your Spells              Type           Power        Failure   Level  Hunger
a - Apportation           Tloc           #.....       3%          1    ##.....

Your spell library contained the following spells:

 Spells                   Type           Power        Failure   Level  Hunger
 Shroud of Golubria       Chrm/Tloc      #.........   14%         2    ###....
 Animate Skeleton         Necr           N/A          26%         1    ##.....
 Confusing Touch          Hex            #.....       26%         1    ##.....
 Infusion                 Chrm           #...         26%         1    ##.....
 Summon Small Mammal      Summ           #...         26%         1    ##.....
 Song of Slaying          Chrm           #.......     36%         2    ###....
 Regeneration             Chrm/Necr      #.........   58%         3    ####...
 Spectral Weapon          Hex/Chrm       #.......     58%         3    ####...


Dungeon Overview and Level Annotations

Branches:
Dungeon (12/15)            Temple (1/1) D:6            Lair (0/6) D:9
    Orc (0/2) D:9

Altars:
Ashenzari
Cheibriados
Dithmenos
Elyvilon
Fedhas
Gozag
Hepliaklqana
Kikubaaqudgha
Makhleb
Nemelex Xobeh
Okawaru
Qazlal
Ru
Sif Muna
Trog
Uskayaw
Vehumet
Wu Jian
Xom
Yredelemnul
Zin
The Shining One

Annotations:
Gauntlet 13 runed translucent doors, 6 transporters, exclusion: obsidian statue


Innate Abilities, Weirdness & Mutations

You cannot wear most types of armour.
You are very stealthy in the water. (Stealth+)
You are amphibious.
You can wear up to eight rings at the same time.
You can use your tentacles to constrict eight enemies at once.
Your skin changes colour to match your surroundings (Stealth+).
Your rubbery body absorbs attacks. (AC +1, EV +1)
One of your tentacles bears a spike.
You are partially covered in iridescent scales. (AC +2)
Your magical capacity is low. (-10% MP)


Message History

You constrict the minotaur, but do no damage.
You hit the minotaur.
You pierce the minotaur, but do no damage.
The minotaur is severely wounded.
You constrict the minotaur, but do no damage.
The minotaur completely misses you. The minotaur gores you.
* * * LOW HITPOINT WARNING * * *
You hit the minotaur but do no damage.
You pierce the minotaur, but do no damage.
The minotaur is severely wounded.
You constrict the minotaur, but do no damage.
You hit the minotaur but do no damage.
The minotaur is severely wounded.
You constrict the minotaur, but do no damage.
Your shield prevents you from hitting the minotaur.
You pierce the minotaur, but do no damage.
The minotaur is severely wounded.
You constrict the minotaur, but do no damage.
The minotaur hits you with a +0 bardiche!!
You die...

#≈8≈#..#[.
#####...#..#©8 ,
......8.#..#:.
**,##.###...#..#!. 8
,......8.#..#.^ ,
..#.#...#..#..
#########.#.#...#..###
#8/8[8.8#...#.©.#≈....
#∩..H@..'.###...#∩....
#8)8}8.8#...#.©.#≈....
#########.#.#...#..###
.....#.#...#..#a.
#8........8.#..#..
##.##.###...#..#.#
#.....,..8.#..#$#
###### #.§.#..#©.
#≈8§#..#.#


You could see a minotaur.

Vanquished Creatures
  Gastronok (D:10)
  Erolcha (D:9)
  Fannar (D:10)
  A two-headed ogre (D:9)
  Sonja (D:10)
  A sixfirhy (Gauntlet)
  A manticore (D:11)
  Maurice (D:10)
  Psyche (D:10)
  A komodo dragon (D:9)
  2 trolls
  A jumping spider (Gauntlet)
  2 hippogriffs
  Sigmund (D:3)
  A wyvern (D:8)
  5 yaks (D:10)
  Grum (D:9)
  Edmund (D:6)
  An ice beast (D:9)
  7 orc warriors
  4 black bears
  10 centaurs
  7 ogres
  3 phantoms
  4 wolves (D:9)
  5 big kobolds
  6 bullfrogs
  Blork the orc (D:6)
  3 gnoll sergeants (D:9)
  A wyvern skeleton (D:9)
  5 scorpions
  3 howler monkeys
  A bullfrog zombie (D:12)
  7 crimson imps
  A centaur skeleton (D:7)
  6 hounds
  Crazy Yiuf (D:6)
  6 orc priests
  3 jellies
  2 bullfrog skeletons
  5 iguanas
  8 worker ants
  13 orc wizards
  3 worker ant zombies
  3 gnolls
  11 adders
  2 shadow imps
  An ufetubus (Gauntlet)
  2 adder skeletons
  4 worms
  A dart slug (D:3)
  6 leopard geckos
  41 orcs
  9 bats
  3 giant cockroaches
  A goblin (D:2)
  8 hobgoblins
  9 jackals
  14 kobolds
  7 quokkas
  2 ball pythons
  7 frilled lizards
  A jackal zombie (D:6)
  2 rats
274 creatures vanquished.

Vanquished Creatures (others)
  An unseen horror (shapeshifter) (Gauntlet)
  3 fungi (Gauntlet)
  12 plants
16 creatures vanquished.

Grand Total: 290 creatures vanquished

Notes
Turn   | Place    | Note
-------+----------+-------------------------------------------
     0 | D:1      | Ijustatesigmund the Octopode Fighter began the quest for
                  | the Orb.
     0 | D:1      | Reached XP level 1. HP: 16/16 MP: 1/1
    23 | D:1      | Reached XP level 2. HP: 21/21 MP: 2/2
   467 | D:1      | Reached XP level 3. HP: 24/26 MP: 3/3
  1506 | D:2      | Reached skill level 3 in Axes
  1939 | D:2      | Reached XP level 4. HP: 26/31 MP: 4/4
  2377 | D:3      | Found a faded altar of an unknown god.
  2460 | D:3      | Reached XP level 5. HP: 12/37 MP: 5/5
  2872 | D:3      | Noticed Sigmund
  2882 | D:3      | Killed Sigmund
  2882 | D:3      | Reached skill level 4 in Axes
  2882 | D:3      | Reached XP level 6. HP: 24/43 MP: 6/6
  2953 | D:3      | You fall through a shaft!
  2994 | D:3      | Noticed a black bear
  2998 | D:3      | Killed a black bear
  3367 | D:3      | Reached skill level 5 in Axes
  3367 | D:3      | Reached XP level 7. HP: 30/48 MP: 7/7
  3600 | D:4      | Reached skill level 5 in Shields
  3848 | D:4      | Found a radiant altar of Vehumet.
  4260 | D:4      | Reached skill level 1 in Stealth
  4589 | D:4      | Found a blossoming altar of Fedhas.
  4589 | D:4      | Found an ancient bone altar of Kikubaaqudgha.
  4592 | D:4      | Found a hazy altar of Hepliaklqana.
  4594 | D:4      | Found a white marble altar of Elyvilon.
  4692 | D:5      | Entered Level 5 of the Dungeon
  4846 | D:5      | Found a shadowy altar of Dithmenos.
  4868 | D:5      | Gained mutation: Scrolls take you a little longer to read.
                  | [potion of mutation]
  4868 | D:5      | Gained mutation: You are agile. (Dex +2) [potion of
                  | mutation]
  4868 | D:5      | Gained mutation: Your mind is acute. (Int +2) [potion of
                  | mutation]
  5361 | D:4      | Reached skill level 6 in Axes
  5361 | D:4      | Reached XP level 8. HP: 53/54 MP: 8/8
  5364 | D:4      | Lost mutation: Scrolls take you a little longer to read.
                  | [potion of mutation]
  5364 | D:4      | Lost mutation: You are agile. (Dex +2) [potion of mutation]
  5364 | D:4      | Lost mutation: Your mind is acute. (Int +2) [potion of
                  | mutation]
  5364 | D:4      | Gained mutation: Your magical capacity is low. (-10% MP)
                  | [potion of mutation]
  5364 | D:4      | Gained mutation: One of your tentacles bears a spike.
                  | [potion of mutation]
  5364 | D:4      | Gained mutation: You are partially covered in iridescent
                  | scales. (AC +2) [potion of mutation]
  5897 | D:6      | Found a staircase to the Ecumenical Temple.
  5909 | Temple   | Entered the Ecumenical Temple
  5981 | Temple   | Became a worshipper of Ashenzari the Shackled
  6006 | D:6      | Reached skill level 5 in Stealth
  6199 | D:6      | Noticed Blork the orc
  6202 | D:6      | Killed Blork the orc
  6221 | D:6      | Reached skill level 7 in Axes
  6522 | D:6      | Reached XP level 9. HP: 49/58 MP: 8/8
  6684 | D:6      | Found a runed translucent door.
  6685 | D:6      | Noticed Crazy Yiuf
  6990 | D:6      | Noticed Edmund
  6999 | D:6      | Killed Edmund
  7467 | D:6      | Killed Crazy Yiuf
  7792 | D:7      | Reached * piety under Ashenzari
  8134 | D:7      | Found a blossoming altar of Fedhas.
  8574 | D:8      | Found a hide-covered altar of Uskayaw.
  8588 | D:8      | Reached skill level 5 in Fighting
  8588 | D:8      | Reached skill level 8 in Axes
  8588 | D:8      | Reached skill level 5 in Dodging
  8752 | D:8      | Noticed a troll
  8770 | D:8      | Killed a troll
  8770 | D:8      | Reached XP level 10. HP: 11/66 MP: 9/9
  9245 | D:8      | Reached ** piety under Ashenzari
  9758 | D:9      | Found a staircase to the Lair.
  9841 | D:9      | Noticed Grum
  9890 | D:9      | Killed Grum
 10150 | D:9      | Found a glowing silver altar of Zin.
 10151 | D:9      | Found a shimmering altar of Xom.
 10152 | D:9      | Found an ornate altar of the Wu Jian Council.
 10200 | D:9      | Reached skill level 9 in Axes
 10228 | D:9      | Noticed a two-headed ogre
 10230 | D:9      | Noticed Erolcha
 10243 | D:9      | HP: 1/69 [Erolcha/bolt of cold (10)]
 10261 | D:9      | Killed a two-headed ogre
 10593 | D:9      | Killed Erolcha
 10888 | D:9      | Reached XP level 11. HP: 66/75 MP: 9/9
 11124 | D:9      | Found a staircase to the Orcish Mines.
 11617 | D:10     | Entered Level 10 of the Dungeon
 11632 | D:10     | Noticed Fannar
 11649 | D:10     | Killed Fannar
 11884 | D:10     | Noticed Maurice
 11896 | D:10     | Killed Maurice
 11896 | D:10     | Reached skill level 10 in Axes
 11990 | D:10     | Noticed Psyche
 12001 | D:10     | Killed Psyche
 12001 | D:10     | Reached skill level 1 in Evocations
 12048 | D:10     | Noticed Gastronok
 12282 | D:10     | Noticed Sonja
 12289 | D:10     | Killed Sonja
 12572 | D:10     | Learned a level 1 spell: Apportation
 12737 | D:10     | Reached skill level 1 in Translocations
 12767 | D:10     | Killed Gastronok
 12767 | D:10     | Reached skill level 5 in Evocations
 13251 | D:11     | Noticed a manticore
 13263 | D:11     | Killed a manticore
 13263 | D:11     | Reached XP level 12. HP: 27/82 MP: 8/14
 13778 | D:12     | Found a gate leading to a gauntlet.
 13785 | Gauntlet | Entered a Gauntlet
 13785 | Gauntlet | Found a large runed translucent door.
 13785 | Gauntlet | Found a large runed translucent door.
 13785 | Gauntlet | Found a large runed translucent door.
 13785 | Gauntlet | Found a large runed translucent door.
 13785 | Gauntlet | Found a large runed translucent door.
 13785 | Gauntlet | Found a large runed translucent door.
 13785 | Gauntlet | Found a large runed translucent door.
 13785 | Gauntlet | Found a large runed translucent door.
 13785 | Gauntlet | Found a runed translucent door.
 13785 | Gauntlet | Found a runed translucent gate.
 13785 | Gauntlet | Found a transporter.
 13785 | Gauntlet | Found a transporter.
 13785 | Gauntlet | Found a runed translucent gate.
 13785 | Gauntlet | Found a transporter.
 13940 | Gauntlet | Found a transporter.
 13943 | Gauntlet | Found a transporter.
 13943 | Gauntlet | Found a transporter.
 13954 | Gauntlet | Reached *** piety under Ashenzari
 13957 | Gauntlet | Identified the ring "Fiotre" {rC++ MR+ MP+9 Dex-2}
 13960 | Gauntlet | Found a transporter.
 13974 | Gauntlet | Found a transporter.
 14000 | Gauntlet | Found a transporter.
 14044 | Gauntlet | Found a runed translucent door.
 14045 | Gauntlet | Found a large runed translucent door.
 14045 | Gauntlet | Found a large runed translucent door.
 14045 | Gauntlet | Found a large runed translucent door.
 14045 | Gauntlet | Found a large runed translucent door.
 14046 | Gauntlet | Found a large runed translucent door.
 14046 | Gauntlet | Found a large runed translucent door.
 14047 | Gauntlet | Found a large runed translucent door.
 14047 | Gauntlet | Found a large runed translucent door.
 14056 | Gauntlet | Found a runed translucent gate.
 14072 | Gauntlet | Found a transporter.
 14076 | Gauntlet | Found a transporter.
 14085 | Gauntlet | Noticed an entropy weaver
 14086 | Gauntlet | Found a transporter.
 14090 | Gauntlet | Identified the ring "Vofy" {Ice rElec rPois SInv}
 14107 | Gauntlet | Noticed an anaconda
 14167 | Gauntlet | Reached skill level 5 in Translocations
 14193 | Gauntlet | Noticed a shock serpent
 14193 | Gauntlet | a cyclops changed into a shock serpent
 14194 | Gauntlet | a shock serpent changed into a lindwurm
 14374 | Gauntlet | Paralysed by a floating eye for 3 turns
 14507 | Gauntlet | Noticed an anaconda
 14507 | Gauntlet | a floating eye changed into an anaconda
 14526 | Gauntlet | an anaconda changed into a torpor snail
 14631 | Gauntlet | Noticed a shock serpent
 14631 | Gauntlet | a slime creature changed into a shock serpent
 14641 | Gauntlet | a shock serpent changed into a torpor snail
 15000 | Gauntlet | Noticed a minotaur
 15020 | Gauntlet | Mangled by a minotaur

Levels and vault maps discovered:
D:1:      dpeg_arrival_tiny_a, layout_basic, serial_forest,
          infiniplex_forest_clump_diagonal, infiniplex_forest_end_1,
          infiniplex_forest_straight_2, infiniplex_forest_clump_small,
          infiniplex_forest_corner_2, infiniplex_forest_clump_diagonal,
          infiniplex_forest_lined_2
D:2:      layout_loops_ring, roderic_lattice_a
D:3:      layout_basic, chequers_ecumenical_altar_simple, first_ration,
          uniq_sigmund
D:4:      layout_layer_cave, minitemple, minmay_misc_feat_square
D:5:      layout_basic, nicolae_dithmenos_shadow_blocks
D:6:      layout_basic, minmay_temple_entry_statues_fountains,
          minmay_lizard_king, uniq_blork_the_orc, uniq_crazy_yiuf_cottage,
          uniq_edmund
D:7:      layout_gridville, fedhas_altar_3
D:8:      layout_basic, eat_drink_and_be_merry_uskayaw, blue_anna_alchemist
          [blue_anna_fruit_fields, blue_anna_fruit_fields], minmay_manual_mares
D:9:      layout_long_grid, chequers_temple_overflow_statue_of_worship,
          david_lair_shrubbed, kennysheep_orc_monster_closet_entryway,
          eino_curves_01, minivault_10, uniq_erolcha, uniq_grum
D:10:     layout_cave_pods, uniq_psyche, uniq_gastronok, uniq_fannar,
          uniq_maurice, uniq_sonja
D:11:     lemuel_ice_statue, layout_long_grid
D:12:     layout_stronghold, serial_shops, nicolae_shop_stone,
          gauntlet_entry_generic, minivault_8, uniq_kirke, uniq_urug
Temple:   nicolae_temple_god_jail
Gauntlet: gammafunk_gauntlet_hard_choice
          [minmay_gauntlet_arena_make_your_own_arena,
          gammafunk_gauntlet_arena_crates, gammafunk_gauntlet_arena_hedges,
          gammafunk_gauntlet_arena_spirals,
          gammafunk_gauntlet_arena_split_diamond,
          gammafunk_gauntlet_arena_teeth,
          nicolae_gauntlet_exit_dead_adventurers]

Skill      XL: |  1  2  3  4  5  6  7  8  9 10 11 12 |
---------------+-------------------------------------+-----
Axes           | 3 4 5 6 7 8 9 10 | 10.0
Fighting       | 4 5 7 |  7.9
Dodging        | 4 5 7 |  7.9
Shields        | 4 5 7 8 9 |  9.9
Stealth        | 3 6 |  6.9
Evocations     | 6 |  6.8
Translocations | 4 5 |  5.0

Action                   |  1- 3 |  4- 6 |  7- 9 | 10-12 || total
-------------------------+-------+-------+-------+-------++-------
Melee: War axe           |    62 |    47 |   255 |   349 ||   713
       Constrict         |    16 |    10 |    52 |    46 ||   124
       Tentacles         |    11 |     8 |    49 |   106 ||   174
       Kick              |       |       |    60 |   147 ||   207
 Cast: Apportation       |       |       |       |     3 ||     3
Invok: Curse Item        |       |       |     2 |       ||     2
       Scrying           |       |       |       |     1 ||     1
 Abil: Evoke Berserk Rag |       |       |       |     1 ||     1
Evoke: Wand              |       |       |     2 |    13 ||    15
  Use: Scroll            |     3 |     1 |    15 |     9 ||    28
       Potion            |       |     3 |     5 |    14 ||    22
 Stab: Distracted        |     1 |     2 |       |     1 ||     4
       Sleeping          |     7 |     4 |    20 |    17 ||    48
       Paralysed         |       |       |     3 |     1 ||     4
  Eat: Chunk             |     3 |     1 |    11 |    10 ||    25
       Ration            |       |     1 |     2 |     3 ||     6
Armor: Skin              |     7 |       |    22 |    17 ||    46
Dodge: Dodged            |    31 |    22 |   128 |   160 ||   341
Block: Shield            |    25 |    19 |   117 |   197 ||   358

Table legend:
 A = Non-vault XP
 B = Vault XP
 C = Vault XP percentage of total XP
 D = Non-vault monster count
 E = Vault monster count
 F = Vault count percentage of total count
                 A         B        C        D         E       F
            +---------+---------+-------+---------+---------+-------
      Total |    9974 |   10789 |  52.0 |     227 |      47 |  17.2
            +---------+---------+-------+---------+---------+-------
        D:1 |      41 |       0 |   0.0 |      18 |       0 |   0.0
        D:2 |      53 |       0 |   0.0 |      15 |       0 |   0.0
        D:3 |     374 |     212 |  36.2 |      19 |       1 |   5.0
        D:4 |     451 |       0 |   0.0 |      16 |       0 |   0.0
        D:5 |     557 |       0 |   0.0 |      19 |       0 |   0.0
        D:6 |     846 |     346 |  29.0 |      32 |      10 |  23.8
        D:7 |     766 |       0 |   0.0 |      22 |       0 |   0.0
        D:8 |    1599 |     332 |  17.2 |      21 |       3 |  12.5
        D:9 |    2281 |    3908 |  63.1 |      24 |      25 |  51.0
       D:10 |    1298 |    4876 |  79.0 |      18 |       5 |  21.7
       D:11 |    1333 |       0 |   0.0 |      15 |       0 |   0.0
       D:12 |     335 |       0 |   0.0 |       7 |       0 |   0.0
     Temple |      40 |       0 |   0.0 |       1 |       0 |   0.0
   Gauntlet |       0 |    1115 | 100.0 |       0 |       3 | 100.0
            +---------+---------+-------+---------+---------+-------
